[ AOE2 MATCH · #477521554 ]
UnrankedTupi vs Slavs
Player's team · LOSS
Rival team · WIN
[ REPLAY ANALYSIS · EXTRACTED FROM THE RECORDED GAME ]
Feudal
12:18
Castle
20:59
Imperial
34:14
| APM avg | 25.7 |
| APM peak | 78 |
| eAPM avg | 12.6 |
| Villagers / military | 177 / 4 |
Focus
⚔️ 29.3% · 🌾 70.7%
Unknown (2579) ×123 · Trebuchet (Packed) ×3 · Monk ×1
Feudal
16:04
Castle
24:13
Imperial
34:58
| APM avg | 16.2 |
| APM peak | 38 |
| eAPM avg | 11.8 |
| Villagers / military | 106 / 279 |
Focus
⚔️ 42.7% · 🌾 57.3%
Militia ×190 · Boyar ×66 · Battering Ram ×19 · Monk ×2 · Trebuchet (Packed) ×2
Match map
Initial resources + every placement click. Lines = walls · curves = elevation contours. ◆ gold · ⬟ stone · ● berries · ✦ relic · ◌ wall gap
Your base· ✓ Closed at 20:59 · 0t walls · 3 gate(s)
Vark's base· ✓ Closed at 24:13 · 141t walls · 6 gate(s)
Smoothed initial terrain · ◌ = detected wall gap · hover for details
Inputs per minute
— 123 - - Vark
Build order — 123
First 150 of 454 actions detected
| 0:07 | Build | House |
| 0:09 | Build | House |
| 0:09 | Create | Villager (Male) |
| 0:09 | Create | Villager (Male) |
| 0:10 | Create | Villager (Male) |
| 0:10 | Create | Villager (Male) |
| 0:10 | Create | Villager (Male) |
| 1:32 | Create | Villager (Male) |
| 1:32 | Create | Villager (Male) |
| 1:57 | Create | Villager (Male) |
| 1:58 | Create | Villager (Male) |
| 2:20 | Create | Villager (Male) |
| 2:20 | Create | Villager (Male) |
| 3:23 | Create | Villager (Male) |
| 3:23 | Create | Villager (Male) |
| 3:23 | Create | Villager (Male) |
| 3:24 | Create | Villager (Male) |
| 4:26 | Create | Villager (Male) |
| 4:27 | Create | Villager (Male) |
| 4:27 | Create | Villager (Male) |
| 4:27 | Create | Villager (Male) |
| 5:02 | Build | Settlement |
| 5:10 | Build | House |
| 5:12 | Build | House |
| 7:38 | Create | Villager (Male) |
| 7:38 | Create | Villager (Male) |
| 7:38 | Create | Villager (Male) |
| 7:39 | Create | Villager (Male) |
| 7:39 | Create | Villager (Male) |
| 7:40 | Create | Villager (Male) |
| 7:40 | Create | Villager (Male) |
| 7:41 | Create | Villager (Male) |
| 7:41 | Create | Villager (Male) |
| 8:49 | Build | Barracks |
| 9:22 | Build | Settlement |
| 9:55 | Research | Feudal Age |
| 10:22 | Create | Villager (Male) |
| 10:22 | Create | Villager (Male) |
| 11:06 | Create | Villager (Male) |
| 11:06 | Create | Villager (Male) |
| 11:06 | Create | Villager (Male) |
| 11:06 | Create | Villager (Male) |
| 11:57 | Create | Villager (Male) |
| 11:57 | Create | Villager (Male) |
| 11:58 | Create | Villager (Male) |
| 11:58 | Create | Villager (Male) |
| 12:18 | Age | Feudal Age |
| 12:25 | Create | Villager (Male) |
| 12:50 | Build | House |
| 12:58 | Build | House |
| 14:09 | Build | Farm |
| 14:13 | Build | Farm |
| 14:56 | Build | Settlement |
| 15:31 | Build | Farm |
| 15:34 | Build | Farm |
| 15:36 | Build | Farm |
| 15:57 | Create | Villager (Male) |
| 15:57 | Create | Villager (Male) |
| 15:57 | Create | Villager (Male) |
| 16:21 | Build | Blacksmith |
| 16:24 | Build | Market |
| 16:41 | Build | Farm |
| 16:42 | Build | Farm |
| 16:43 | Build | Farm |
| 16:44 | Build | Farm |
| 16:46 | Build | Farm |
| 17:07 | Create | Villager (Male) |
| 17:09 | Create | Villager (Male) |
| 18:07 | Build | Farm |
| 18:11 | Build | Farm |
| 18:19 | Research | Castle Age |
| 18:19 | Research | Castle Age |
| 18:30 | Create | Villager (Male) |
| 18:30 | Create | Villager (Male) |
| 18:30 | Create | Villager (Male) |
| 18:30 | Create | Villager (Male) |
| 18:31 | Create | Villager (Male) |
| 20:38 | Build | Farm |
| 20:59 | Age | Castle Age |
| 21:03 | Build | Castle |
| 21:30 | Build | Farm |
| 21:54 | Build | Town Center |
| 22:05 | Create | Villager (Male) |
| 22:05 | Create | Villager (Male) |
| 22:05 | Create | Villager (Male) |
| 22:06 | Create | Villager (Male) |
| 22:06 | Create | Villager (Male) |
| 22:06 | Create | Villager (Male) |
| 22:06 | Create | Villager (Male) |
| 22:07 | Create | Villager (Male) |
| 22:17 | Research | Wheelbarrow |
| 22:18 | Research | Town Watch |
| 22:49 | Build | Farm |
| 22:50 | Build | Farm |
| 22:53 | Build | Farm |
| 23:02 | Create | Unit 2579 |
| 23:02 | Create | Unit 2579 |
| 23:03 | Create | Unit 2579 |
| 23:03 | Create | Unit 2579 |
| 23:03 | Create | Unit 2579 |
| 23:03 | Create | Unit 2579 |
| 23:04 | Create | Unit 2579 |
| 23:04 | Create | Unit 2579 |
| 23:04 | Create | Unit 2579 |
| 23:04 | Create | Unit 2579 |
| 23:05 | Create | Unit 2579 |
| 23:05 | Create | Unit 2579 |
| 23:05 | Create | Unit 2579 |
| 23:05 | Create | Unit 2579 |
| 23:05 | Create | Unit 2579 |
| 23:39 | Create | Villager (Male) |
| 23:39 | Create | Villager (Male) |
| 23:39 | Create | Villager (Male) |
| 23:40 | Create | Villager (Male) |
| 23:40 | Create | Villager (Male) |
| 23:43 | Create | Villager (Male) |
| 23:44 | Create | Villager (Male) |
| 23:44 | Create | Villager (Male) |
| 23:44 | Create | Villager (Male) |
| 23:44 | Create | Villager (Male) |
| 24:19 | Build | Monastery |
| 24:37 | Research | Double-Bit Axe |
| 24:52 | Build | Farm |
| 25:06 | Build | Farm |
| 25:23 | Create | Monk |
| 26:06 | Create | Villager (Male) |
| 26:07 | Create | Villager (Male) |
| 26:08 | Create | Villager (Male) |
| 26:40 | Build | University |
| 27:30 | Create | Unit 2579 |
| 27:30 | Create | Unit 2579 |
| 27:31 | Create | Unit 2579 |
| 27:31 | Create | Unit 2579 |
| 27:32 | Create | Unit 2579 |
| 27:32 | Create | Unit 2579 |
| 27:32 | Create | Unit 2579 |
| 27:32 | Create | Unit 2579 |
| 28:17 | Build | Castle |
| 30:15 | Build | House |
| 30:16 | Build | House |
| 30:18 | Build | House |
| 30:19 | Build | House |
| 30:20 | Build | House |
| 30:21 | Build | House |
| 30:23 | Build | House |
| 30:23 | Build | House |
| 30:24 | Build | House |
| 30:25 | Build | House |
| 30:32 | Create | Unit 2579 |
| 30:33 | Create | Unit 2579 |
Build order — Vark
First 150 of 332 actions detected
| 0:01 | Create | Villager (Male) |
| 0:01 | Create | Villager (Male) |
| 0:01 | Create | Villager (Male) |
| 0:02 | Build | House |
| 0:04 | Build | House |
| 0:17 | Create | Villager (Male) |
| 0:17 | Create | Villager (Male) |
| 1:24 | Create | Villager (Male) |
| 1:58 | Create | Villager (Male) |
| 2:21 | Create | Villager (Male) |
| 2:45 | Build | House |
| 2:46 | Build | House |
| 2:48 | Build | House |
| 2:53 | Create | Villager (Male) |
| 2:53 | Create | Villager (Male) |
| 2:55 | Create | Villager (Male) |
| 3:37 | Create | Villager (Male) |
| 3:38 | Create | Villager (Male) |
| 3:38 | Create | Villager (Male) |
| 4:15 | Create | Villager (Male) |
| 4:16 | Create | Villager (Male) |
| 4:40 | Research | Loom |
| 4:48 | Build | Lumber Camp |
| 4:51 | Build | Lumber Camp |
| 5:06 | Create | Villager (Male) |
| 5:06 | Create | Villager (Male) |
| 5:06 | Create | Villager (Male) |
| 5:43 | Create | Villager (Male) |
| 5:43 | Create | Villager (Male) |
| 5:44 | Create | Villager (Male) |
| 6:43 | Create | Villager (Male) |
| 6:43 | Create | Villager (Male) |
| 6:57 | Build | House |
| 6:59 | Build | House |
| 7:48 | Create | Villager (Male) |
| 7:49 | Create | Villager (Male) |
| 7:49 | Create | Villager (Male) |
| 8:03 | Create | Villager (Male) |
| 8:52 | Build | Mining Camp |
| 8:59 | Create | Villager (Male) |
| 9:09 | Build | Mill |
| 9:15 | Create | Villager (Male) |
| 9:25 | Build | Mining Camp |
| 9:46 | Build | Farm |
| 9:48 | Build | Farm |
| 9:49 | Build | Farm |
| 9:50 | Build | Farm |
| 9:53 | Build | Farm |
| 9:58 | Create | Villager (Male) |
| 10:00 | Create | Villager (Male) |
| 10:24 | Build | Barracks |
| 10:29 | Build | Barracks |
| 10:31 | Build | Barracks |
| 10:57 | Build | Mill |
| 11:00 | Create | Villager (Male) |
| 11:00 | Create | Villager (Male) |
| 11:00 | Create | Villager (Male) |
| 12:08 | Build | Farm |
| 12:11 | Create | Villager (Male) |
| 12:12 | Create | Villager (Male) |
| 12:22 | Build | Barracks |
| 12:24 | Build | Barracks |
| 12:38 | Build | Farm |
| 12:59 | Build | Farm |
| 13:18 | Create | Villager (Male) |
| 13:54 | Research | Feudal Age |
| 13:54 | Research | Feudal Age |
| 14:08 | Create | Villager (Male) |
| 14:08 | Create | Villager (Male) |
| 14:08 | Create | Villager (Male) |
| 14:08 | Create | Villager (Male) |
| 14:09 | Create | Villager (Male) |
| 14:33 | Build | Palisade Wall |
| 14:41 | Build | Mining Camp |
| 14:51 | Create | Villager (Male) |
| 15:16 | Build | Palisade Wall |
| 15:47 | Create | Militia ×5 |
| 15:48 | Create | Militia ×5 |
| 15:48 | Create | Militia ×3 |
| 16:04 | Age | Feudal Age |
| 16:08 | Build | Stone Wall |
| 16:22 | Build | Stone Wall |
| 16:42 | Build | Stone Wall |
| 16:47 | Build | Stone Wall |
| 16:55 | Build | Gate |
| 17:05 | Research | Horse Collar |
| 17:06 | Research | Double-Bit Axe |
| 17:07 | Research | Stone Mining |
| 17:14 | Research | Gold Mining |
| 17:14 | Research | Gold Mining |
| 17:26 | Build | Farm |
| 17:27 | Build | Farm |
| 17:29 | Build | Farm |
| 17:38 | Create | Villager (Male) |
| 17:55 | Create | Villager (Male) |
| 17:57 | Create | Villager (Male) |
| 18:15 | Build | Gate |
| 18:26 | Build | Mining Camp |
| 18:37 | Research | Man-at-Arms (upgrade) |
| 19:42 | Research | Wheelbarrow |
| 20:36 | Build | Blacksmith |
| 20:41 | Build | Market |
| 21:29 | Build | Mining Camp |
| 21:33 | Research | Castle Age |
| 21:33 | Research | Castle Age |
| 22:13 | Build | Farm |
| 22:15 | Build | Farm |
| 22:17 | Build | Farm |
| 22:30 | Build | Stone Wall |
| 23:07 | Create | Villager (Male) ×5 |
| 23:07 | Create | Villager (Male) ×5 |
| 23:39 | Build | Stone Wall |
| 23:44 | Build | Gate |
| 23:47 | Build | Gate |
| 24:13 | Age | Castle Age |
| 24:16 | Research | Bow Saw |
| 24:20 | Build | University |
| 24:27 | Build | Town Center |
| 24:36 | Research | Fortified Wall (upgrade) |
| 24:36 | Research | Fortified Wall (upgrade) |
| 24:38 | Research | Masonry |
| 24:38 | Research | Masonry |
| 24:48 | Build | Monastery |
| 25:06 | Research | Hand Cart |
| 25:25 | Create | Villager (Male) |
| 25:25 | Create | Villager (Male) |
| 25:30 | Research | Long Swordsman (upgrade) |
| 25:31 | Research | Squires |
| 25:33 | Create | Monk |
| 25:34 | Create | Monk |
| 25:46 | Build | Farm |
| 25:52 | Create | Villager (Male) |
| 25:52 | Create | Villager (Male) |
| 25:53 | Create | Villager (Male) ×5 |
| 25:53 | Create | Villager (Male) ×5 |
| 28:21 | Research | Murder Holes |
| 28:28 | Create | Villager (Male) ×5 |
| 28:28 | Create | Villager (Male) ×5 |
| 28:29 | Create | Villager (Male) ×5 |
| 28:29 | Create | Villager (Male) ×5 |
| 28:35 | Build | Lumber Camp |
| 28:39 | Build | Lumber Camp |
| 28:46 | Build | Lumber Camp |
| 28:52 | Build | Farm |
| 28:53 | Build | Farm |
| 28:55 | Build | Farm |
| 28:56 | Build | Farm |
| 28:58 | Build | Farm |
| 29:00 | Build | Farm |
| 29:02 | Build | Farm |
Match timeline
| 8:49 | 123 · first_building Barracks |
| 10:24 | Vark · first_building Barracks |
| 12:18 | 123 · age_up feudal |
| 14:33 | Vark · wall_segment Palisade Wall x1 |
| 15:16 | Vark · wall_segment Palisade Wall x1 |
| 16:04 | Vark · age_up feudal |
| 16:08 | Vark · wall_segment Stone Wall x8 |
| 16:22 | Vark · wall_segment Stone Wall x8 |
| 16:42 | Vark · wall_segment Stone Wall x40 |
| 16:47 | Vark · wall_segment Stone Wall x8 |
| 20:59 | 123 · age_up castle |
| 21:03 | 123 · first_building Castle |
| 22:30 | Vark · wall_segment Stone Wall x8 |
| 23:39 | Vark · wall_segment Stone Wall x67 |
| 24:13 | Vark · age_up castle |
| 24:19 | 123 · first_building Monastery |
| 24:48 | Vark · first_building Monastery |
| 30:24 | Vark · first_building Castle |
| 32:12 | Vark · first_building Siege Workshop |
| 32:14 | 123 · first_market_buy 100 stone |
| 34:14 | 123 · age_up imperial |
| 34:58 | Vark · age_up imperial |
| 46:22 | Vark · first_building Stable |
| 54:36 | 123 · wall_segment Palisade Wall x9 |
| 57:42 | 123 · resign |
[ AI ANALYSIS · 1 CREDIT ]
What really happened in this match?
Wolo.gg analyzes every decision: build order, eco, micro, common mistakes by bracket. Personalized analysis on WhatsApp or Discord in 30 seconds.
Civ guide
Tupi
Perfil
Jugador #4115123